 Dungeon Crawl Stone Soup version 0.25-a0-163-g00f8f0cddd (webtiles) character file.

Game seed: 6433394987371448790, levelgen mode: deterministic

382 RedPan the Chiller (level 6, -1/67 HPs)
             Began as a Draconian Ice Elementalist on Nov 22, 2019.
             Was an Initiate of Sif Muna.
             Slain by an orc
             ... wielding a +0 short sword
              (4 damage)
             ... on level 4 of the Dungeon.
             The game lasted 00:08:33 (4136 turns).

RedPan the Chiller (Draconian Ice Elementalist)     Turns: 4136, Time: 00:08:34

Health: -1/67      AC: 15    Str: 16    XL:     6   Next: 47%
Magic:  5/12       EV: 12    Int: 17    God:    Sif Muna [......]
Gold:   226        SH:  0    Dex: 11    Spells: 8/13 levels left

rFire    + . .     SeeInvis .   e - +2 mace (protect)
rCold    . . .     Gourm    .   (no shield)
rNeg     . . .     Faith    .   (armour unavailable)
rPois    .         Spirit   .   (helmet restricted)
rElec    .         Reflect  .   (no cloak)
rCorr    .         Harm     .   (no gloves)
MR       .....                  (no boots)
Stlth    ..........             (no amulet)
HPRegen  0.21/turn              k - ring of protection from fire
MPRegen  0.13/turn              n - +2 ring of protection

@: berserking, protection aura, very slightly contaminated, very quick
A: unfitting armour, cold-blooded, AC +6
a: Renounce Religion


You were on level 4 of the Dungeon.
You worshipped Sif Muna.
Sif Muna was noncommittal.
You were very hungry.

You visited 2 branches of the dungeon, and saw 5 of its levels.

You collected 226 gold pieces.

Inventory:

Hand Weapons
 c - a +1 dagger
 e - a +2 mace of protection (weapon)
 o - a +0 trident
Armour
 g - a +0 buckler
Jewellery
 k - a ring of protection from fire (left hand)
 m - an uncursed ring of stealth
 n - a +2 ring of protection (right hand)
Scrolls
 d - a scroll of magic mapping
 i - a scroll of enchant weapon
 j - a scroll of teleportation {unknown}
 s - a scroll of fog
 t - a scroll of identify
Potions
 a - 3 potions of flight
 h - a potion of haste {unknown}
 l - a potion of might {unknown}
 p - 2 potions of lignification
 q - a potion of degeneration {unknown}
 r - 2 potions of agility {unknown}
Comestibles
 b - 5 rations


   Skills:
 - Level 2.0 Dodging
 - Level 2.1 Stealth
 + Level 4.1 Spellcasting
   Level 1.0 Conjurations
 + Level 2.7 Summonings
 + Level 5.0 Ice Magic


You had 8 spell levels left.
You knew the following spells:

 Your Spells              Type           Power        Failure   Level  Hunger
a - Freeze                Ice            ###.         1%          1    None
b - Summon Ice Beast      Ice/Summ       ###.....     30%         4    ####...

Your spell library contained the following spells:

 Spells                   Type           Power        Failure   Level  Hunger
 Throw Frost              Conj/Ice       ##....       7%          2    ##.....
 Ozocubu's Armour         Chrm/Ice       ##......     17%         3    ###....
 Throw Icicle             Conj/Ice       ##......     41%         4    ####...


Dungeon Overview and Level Annotations

Branches:
Dungeon (4/15)             Temple (1/1) D:4

Altars:
Ashenzari
Cheibriados
Dithmenos
Elyvilon
Fedhas
Gozag
Hepliaklqana
Kikubaaqudgha
Makhleb
Nemelex Xobeh
Okawaru
Qazlal
Ru
Sif Muna
Trog
Uskayaw
Vehumet
Wu Jian
Xom
Yredelemnul
The Shining One

Annotations:
D:4 Ijyb


Innate Abilities, Weirdness & Mutations

Your plain brown scales are hard. (AC +6)
You cannot fit into any form of body armour.
You are cold-blooded and may be slowed by cold attacks.


Message History

The orc hits you with a +0 short sword.
* * * LOW HITPOINT WARNING * * *
You barely miss the orc wizard. You tail-slap the orc wizard.
The orc wizard is heavily wounded.
The orc wizard hits you with a +0 dagger.
* * * LOW HITPOINT WARNING * * *
The orc hits you with a +0 hand axe.
* * * LOW HITPOINT WARNING * * *
You are too berserk!
You are too berserk!
You sock the orc wizard!
Your weapon exudes an aura of protection.
You kill the orc wizard!
Sif Muna accepts your kill.
Your Ice Magic skill increases to level 5!
The orc closely misses you. The orc hits you but does no damage.
You hit the orc.
The orc is severely wounded.
The orc hits you with a +0 short sword.
You die...

.....###....####..(.....#
####........# ####.....#
##.##....# #.....# #
#....# #.....# #....####
#.(...#
#.......##########
#.........# #....#....#
########@g#### #ooo..#
###Z<..... ####... ..


You could see Ijyb, 3 orcs and a bullfrog skeleton.

Vanquished Creatures
  A bullfrog zombie (D:4)
  2 orc priests (D:3)
  Jessica (D:3)
  A worker ant (D:4)
  Terence (D:3)
  2 orc wizards
  2 oozes
  2 worms (D:3)
  3 leopard geckos
  13 orcs
  4 bats
  A giant cockroach (D:2)
  5 goblins
  3 hobgoblins (D:3)
  A quokka (D:3)
  A ball python (D:3)
  A ball python skeleton (D:4)
  3 frilled lizards
  5 kobolds
  4 rats
56 creatures vanquished.

Vanquished Creatures (collateral kills)
  A phantom (D:3)
  A worker ant (D:4)
2 creatures vanquished.

Grand Total: 58 creatures vanquished

Notes
Turn   | Place    | Note
-------+----------+-------------------------------------------
     0 | D:1      | RedPan the Draconian Ice Elementalist began the quest for
                  | the Orb.
     0 | D:1      | Reached XP level 1. HP: 14/14 MP: 3/3
   911 | D:2      | Reached XP level 2. HP: 13/20 MP: 0/5
  1631 | D:3      | Reached XP level 3. HP: 21/26 MP: 1/7
  1789 | D:3      | Noticed Terence
  1800 | D:3      | Killed Terence
  1800 | D:3      | Reached XP level 4. HP: 24/33 MP: 0/8
  1813 | D:3      | Learned a level 4 spell: Summon Ice Beast
  1893 | D:3      | Noticed Jessica
  1909 | D:3      | Reached skill level 4 in Ice Magic
  1921 | D:3      | Killed Jessica
  1995 | D:3      | Reached skill level 1 in Summonings
  2061 | D:3      | Reached XP level 5. HP: 14/38 MP: 10/10
  2942 | D:4      | Found a staircase to the Ecumenical Temple.
  3177 | D:4      | Noticed a phantom
  3264 | D:3      | Killed a phantom
  3486 | D:4      | Noticed a spatial vortex
  3645 | D:3      | Reached XP level 6. HP: 42/45 MP: 6/11
  3776 | Temple   | Entered the Ecumenical Temple
  3976 | Temple   | Became a worshipper of Sif Muna the Loreminder
  4119 | D:4      | Noticed Ijyb
  4134 | D:4      | HP: 3/67 [orc/+0 hand axe (5)]
  4135 | D:4      | Reached skill level 5 in Ice Magic
  4136 | D:4      | Slain by an orc

Levels and vault maps discovered:
D:1:      psy_arrival_conway, layout_basic, grunt_decor_resistance, hex_tiny
D:2:      layout_loops_ring
D:3:      layout_basic, uniq_jessica, uniq_terence
D:4:      layout_rooms, minmay_temple_entry_large_hall, first_ration,
          serial_shops, kennysheep_mini_moat, gammafunk_ghost_grave,
          eino_tiny_chamber, lemuel_another_geyser, uniq_ijyb, uniq_grinder
Temple:   roderic_octagonal_lattice_temple

Skill      XL: |  1  2  3  4  5  6 |
---------------+-------------------+-----
Dodging        | 2 |  2.0
Stealth        | 2 |  2.1
Spellcasting   | 3 4 |  4.1
Ice Magic      | 4 5 |  5.0
Summonings     | 1 2 |  2.7
Conjurations   | |  1.0

Action                   |  1- 3 |  4- 6 || total
-------------------------+-------+-------++-------
Melee: Dagger            |    28 |       ||    28
       Tailslap          |     1 |    12 ||    13
       Mace              |     5 |   116 ||   121
 Cast: Freeze            |    19 |    24 ||    43
       Summon Ice Beast  |       |     3 ||     3
  Use: Scroll            |     8 |     1 ||     9
       Potion            |       |     1 ||     1
 Stab: Sleeping          |     3 |     4 ||     7
       Distracted        |       |     1 ||     1
  Eat: Chunk             |     3 |     4 ||     7
       Ration            |       |     1 ||     1
Armor: Skin              |     9 |    71 ||    80
Dodge: Dodged            |    22 |   100 ||   122

Table legend:
 A = Non-vault XP
 B = Vault XP
 C = Vault XP percentage of total XP
 D = Non-vault monster count
 E = Vault monster count
 F = Vault count percentage of total count
                 A         B        C        D         E       F
            +---------+---------+-------+---------+---------+-------
      Total |     474 |      73 |  13.3 |      56 |       2 |   3.4
            +---------+---------+-------+---------+---------+-------
        D:1 |      10 |       0 |   0.0 |       6 |       0 |   0.0
        D:2 |      14 |       0 |   0.0 |       8 |       0 |   0.0
        D:3 |     318 |      73 |  18.7 |      35 |       2 |   5.4
        D:4 |     132 |       0 |   0.0 |       7 |       0 |   0.0
            +---------+---------+-------+---------+---------+-------
